 Dungeon Crawl Stone Soup version 0.30-a0-458-g86641cc369 (webtiles) character file.

Game seed: 17773074598768296887

56 zishaf the Sneak (level 3, 0/19 HPs)
             Began as a Vine Stalker Brigand on Dec 14, 2022.
             Slain by an orc wizard
             ... wielding a +0 dagger
              (1 damage)
             ... on level 3 of the Dungeon.
             The game lasted 00:01:11 (781 turns).

zishaf the Sneak (Vine Stalker Brigand)              Turns: 781, Time: 00:01:12

Health: 0/19       AC:  3    Str: 13    XL:     3   Next: 95%
Magic:  0/4        EV: 12    Int: 11    God:
Gold:   51         SH:  0    Dex: 17    Spells: 2/2 levels left

rFire   . . .      SeeInvis .    a - +2 dagger
rCold   . . .      Faith    .    (no shield)
rNeg    . . .      Spirit   +    b - +0 robe
rPois   .          Reflect  .    (no helmet)
rElec   .          Harm     .    c - +0 cloak
rCorr   .          Rampage  .    (no gloves)
Will    .....                    (no boots)
Stlth   +++.......               (no amulet)
HPRegen 0.23/turn                (no ring)
MPRegen 0.09/turn                (no ring)

@: no status effects
A: fangs 2, magic shield, antimagic bite, no potion heal 2
a: no special abilities


You were on level 3 of the Dungeon.
You visited 1 branch of the dungeon, and saw 3 of its levels.

You collected 51 gold pieces.

Inventory:

Hand Weapons
 a - a +2 dagger (weapon)
Missiles
 d - 9 poisoned darts (quivered)
 e - 5 curare-tipped darts
Armour
 b - a +0 robe (worn)
 c - a +0 cloak (worn)
Scrolls
 g - a scroll of brand weapon {unknown}
Potions
 f - a potion of degeneration {unknown}
 h - 2 potions of lignification {unknown}
 i - a potion of magic {unknown}
 j - a potion of berserk rage {unknown}
 k - a potion of curing {unknown}


   Skills:
 + Level 2.4 Fighting
 + Level 2.4 Short Blades
 - Level 2.0 Throwing
 - Level 1.0 Dodging
 + Level 5.5 Stealth


You had 2 spell levels left.
You didn't know any spells.
Your spell library contained the following spells:

 Spells                   Type           Power      Damage    Failure   Level
 Necrotise                Necr           0%         1d4       34%         1
 Ensorcelled Hibernation  Hex/Ice        0%         N/A       47%         2
 Spider Form              Tmut/Pois      0%         N/A       71%         3
 Vampiric Draining        Necr           0%         2d6       71%         3
 Anguish                  Hex/Necr       0%         N/A       98%         4
 Agony                    Necr           0%         N/A       100%        5


Dungeon Overview and Level Annotations

Branches:
Dungeon (2/15)

Altars:


Innate Abilities, Weirdness & Mutations

You have extremely sharp teeth.
When hurt, damage is shared between your health and your magic reserves.
Your bite disrupts and absorbs the magic of your enemies.
Potions cannot restore your health.


Message History

You are too injured to fight recklessly!
You are too injured to fight recklessly!
You are too injured to fight recklessly!
You are too injured to fight recklessly!
You are too injured to fight recklessly!
You are too injured to fight recklessly!
You are too injured to fight recklessly!
You are too injured to fight recklessly!
You are too injured to fight recklessly!
You are too injured to fight recklessly!
You are too injured to fight recklessly!
You are too injured to fight recklessly!
You are too injured to fight recklessly!
You are too injured to fight recklessly!
You are too injured to fight recklessly!
You hit something. You hit something.
Reactivating autopickup.
You feel a bit more experienced.
You hit the orc. You bite the orc.
You kill the orc!
Deactivating autopickup; reactivate with Ctrl-A.
You hit something. Something hits you.
You hit something but do no damage. Something hits you but does no damage.
You miss something. Your punch misses something. Your bite misses something.
Something hits you.
You miss something. Something completely misses you.
You miss something.
You hear the slow rusting of a very distant drain.
Something hits you.
You hit something but do no damage. Your bite misses something.
You miss something. Your bite misses something.
Something hits you but does no damage.
You hit something.
You hear some strange, mumbled words.
A puff of flame appears from out of thin air!
The puff of flame hits you!
* * * LOW HITPOINT WARNING * * *
You barely miss something. Something hits you.
You die...

#< #. #. #.# #..
#..
.P.##..##########
.P...:.{@<......#
......#########.#
.[.## #.# .
#.##### #.....#
#####.# #.# #.#
#.#


There were no monsters in sight!

Vanquished Creatures
  An orc wizard (D:3)
  A dart slug (D:1)
  3 orcs (D:3)
  2 ball pythons (D:1)
  3 endoplasms (D:1)
  A giant cockroach (D:1)
  4 goblins (D:1)
  3 hobgoblins (D:1)
  2 kobolds (D:1)
  2 quokkas (D:1)
  2 rats (D:1)
24 creatures vanquished.

Notes
Turn   | Place    | Note
-------+----------+-------------------------------------------
     0 | D:1      | zishaf the Vine Stalker Brigand began the quest for the
                  | Orb.
     0 | D:1      | Reached XP level 1. HP: 11/11 MP: 2/2
    83 | D:1      | Reached skill level 1 in Dodging
    83 | D:1      | Reached XP level 2. HP: 15/15 MP: 1/3
   171 | D:1      | Reached skill level 5 in Stealth
   551 | D:1      | Reached XP level 3. HP: 18/18 MP: 4/4
   724 | D:2      | You fall into a shaft and drop 1 floor!
   781 | D:3      | Slain by an orc wizard

Illustrated notes

Levels and vault maps discovered:
D:1:      psy_arrival_whirlpool, layout_basic, kennysheep_another_room
D:2:      layout_basic, basic_altar, ebering_ecumenical_altar_box,
          minmay_bisected, uniq_sigmund
D:3:      minmay_evil_eye, layout_loops_ring, mainiacjoe_overflow_boulevard,
          portal_sewer_entry_e, uniq_grinder

Skill      XL: |  1  2 |
---------------+-------+-----
Dodging        | 1 |  1.0
Fighting       | 2 |  2.4
Short Blades   | 2 |  2.4
Throwing       | 2 |  2.0
Stealth        | 5 |  5.5

Action                   || total
-------------------------++-------
Melee: Dagger            ||    70
       Bite              ||     9
       Punch             ||     1
 Stab: Sleeping          ||     7
Armor: Robe              ||    14
Dodge: Dodged            ||    15

Table legend: (Time is in decaauts)
 A = Elapsed time spent in this place.
 B = Non-inter-level travel time spent in this place.
 C = Inter-level travel time spent in this place.
 D = Time resting spent in this place.
 E = Time spent auto-exploring this place.
 F = Levels seen in this place.
 G = Mean time per level.
                   A        B        C        D        E       F      G
               +--------+--------+--------+--------+--------+-----+--------+
         Total |    774 |    761 |     13 |      0 |    580 |   3 |  258.0 |
       Dungeon |    774 |    761 |     13 |      0 |    580 |   3 |  258.0 |
               +--------+--------+--------+--------+--------+-----+--------+

Top non-repeatable levels by time:
     D:1: 718 daAuts
     D:3: 53 daAuts
     D:2: 2 daAuts
